 Dungeon Crawl Stone Soup version 0.22.1-2-g9c5b331383 (webtiles) character file.

97 Marnok the Covered (level 5, 0/41 HPs)
             Began as a Human Fighter on Dec 2, 2018.
             Slain by an iguana (3 damage)
             ... on level 3 of the Dungeon.
             The game lasted 00:14:18 (1762 turns).

Marnok the Covered (Human Fighter)                  Turns: 1762, Time: 00:14:19

Health: 0/41       AC: 14    Str: 20 (23) XL:     5   Next: 0%
Magic:  5/5        EV:  3    Int:  8      God:
Gold:   124        SH:  9    Dex: 14      Spells: 4/4 levels left

rFire    . . .     SeeInvis .   a - +0 long sword
rCold    . . .     Gourm    .   c - +0 shield
rNeg     . . .     Faith    .   h - +1 plate armour
rPois    .         Spirit   .   (no helmet)
rElec    .         Reflect  .   (no cloak)
rCorr    .         Harm     .   (no gloves)
MR       .....                  (no boots)
Stlth    ..........             j - amulet of regeneration
HPRegen  0.53/turn              (no ring)
MPRegen  0.09/turn              (no ring)

@: mighty
A: slimy green scales 1, strong 1
a: no special abilities


You were on level 3 of the Dungeon.
You were not hungry.

You visited 1 branch of the dungeon, and saw 5 of its levels.

You collected 124 gold pieces.

Inventory:

Hand Weapons
 a - a +0 long sword (weapon)
Armour
 c - a +0 shield (worn)
 h - a +1 plate armour (worn)
Jewellery
 j - an amulet of regeneration (around neck)
Scrolls
 g - a scroll of amnesia {unknown}
 i - a scroll of remove curse
Potions
 d - a potion of might
 e - a potion of lignification
Comestibles
 b - 2 chunks of flesh
 f - 6 rations


   Skills:
 + Level 3.4 Fighting
 + Level 3.3 Long Blades
 + Level 3.5 Armour
 + Level 0.6 Dodging
 + Level 0.2 Stealth
 + Level 3.4 Shields


You had 4 spell levels left.
You didn't know any spells.
Your spell library was empty.

Dungeon Overview and Level Annotations

Branches:
Dungeon (5/15)
 Temple: D:4-7

Altars:
Kikubaaqudgha
Zin

Annotations:
D:3 3 runed doors, brittlin's ghost, amateur DsTm


Innate Abilities, Weirdness & Mutations

You are partially covered in slimy green scales. (AC +2)
Your muscles are strong. (Str +2)


Message History

The iguana is moderately wounded.
You block the iguana's attack. x2
Your plate armour prevents you from hitting the iguana.
The iguana is moderately wounded.
You block the iguana's attack.
Your shield and plate armour prevent you from hitting the iguana.
The iguana is moderately wounded.
The iguana bites you.
* * * LOW HITPOINT WARNING * * *
Some of the chunks of flesh in your inventory have rotted away.
The iguana barely misses you.
As you read the scroll labeled AMINEF ODISOUS, it crumbles to dust.
It is a scroll of enchant armour.
Your +0 plate armour glows green for a moment.
The iguana bites you!
* * * LOW HITPOINT WARNING * * *
You barely miss the iguana.
The iguana is moderately wounded.
The iguana bites you.
You die...

# # ). ..# #. ##.... #
... .###.#... #. ..#
..#⌠W#K# .##.# #.#K#KK.
...# #.##KKKK ..#
###..##+++ #.#
##......... #
#@######......##..
#.#.##l........#.......
#..............###.####
###.##..............###
# #........#####....
#........# #.###
#........# #.#
#........# #.#
########.#####.#


You could see an iguana.

Vanquished Creatures
  A gnoll (D:1)
  An adder (D:2)
  An ooze (D:2)
  2 worms (D:2)
  2 leopard geckos (D:2)
  6 orcs (D:3)
  3 giant cockroaches
  7 goblins
  3 hobgoblins (D:1)
  5 jackals
  8 bats
  5 frilled lizards
  4 kobolds
  12 rats
60 creatures vanquished.

Notes
Turn   | Place    | Note
-------+----------+-------------------------------------------
     0 | D:1      | Marnok the Human Fighter began the quest for the Orb.
     0 | D:1      | Reached XP level 1. HP: 18/18 MP: 1/1
    45 | D:1      | Reached XP level 2. HP: 19/24 MP: 2/2
   467 | D:1      | Reached XP level 3. HP: 29/29 MP: 3/3
   818 | D:2      | Gained mutation: You are partially covered in slimy green
                  | scales. (AC +2) [potion of mutation]
   818 | D:2      | Gained mutation: Your muscles are strong. (Str +2) [potion
                  | of mutation]
   843 | D:2      | Found an ancient bone altar of Kikubaaqudgha.
  1038 | D:2      | Reached XP level 4. HP: 28/35 MP: 4/4
  1348 | D:2      | Found a glowing silver altar of Zin.
  1584 | D:5      | Entered Level 5 of the Dungeon
  1584 | D:5      | Noticed an ice beast
  1690 | D:3      | Noticed a big kobold
  1691 | D:3      | Noticed brittlin's ghost (amateur DsTm)
  1693 | D:3      | Found a runed gate.
  1693 | D:3      | Found a runed gate.
  1694 | D:3      | Found a runed gate.
  1697 | D:3      | Noticed a big kobold
  1742 | D:3      | Reached XP level 5. HP: 9/41 MP: 5/5
  1761 | D:3      | HP: 2/41 [iguana (8)]
  1762 | D:3      | Slain by an iguana

Skill      XL: |  1  2  3  4 |
---------------+-------------+-----
Long Blades    | 3 |  3.3
Fighting       | |  3.4
Armour         | |  3.5
Dodging        | |  0.6
Stealth        | |  0.2
Shields        | |  3.4

Action                   |  1- 3 |  4- 6 || total
-------------------------+-------+-------++-------
Melee: Long sword        |   110 |   107 ||   217
  Use: Scroll            |     2 |     2 ||     4
       Potion            |     4 |     4 ||     8
  Eat: Chunk             |     1 |     2 ||     3
Armor: Scale mail        |    63 |    25 ||    88
       Plate armour      |       |    21 ||    21
Dodge: Dodged            |    34 |    33 ||    67
Block: Shield            |    53 |    76 ||   129
       Rpst.: Long sword |    10 |    12 ||    22
